[ AOE2 MATCH · #508064998 ]
UnrankedRomans vs Aztecs
Player's team · LOSS
Rival team · WIN
[ REPLAY ANALYSIS · EXTRACTED FROM THE RECORDED GAME ]
Feudal
9:16
Castle
21:48
Imperial
33:05
| APM avg | 39.4 |
| APM peak | 71 |
| eAPM avg | 25.3 |
| Villagers / military | 206 / 295 |
Focus
⚔️ 32.5% · 🌾 67.5%
Militia ×174 · Centurion ×90 · Archer ×10 · Monk ×7 · Trebuchet (Packed) ×7 · Knight ×3
Feudal
11:27
Castle
15:47
Imperial
36:54
| APM avg | 37.2 |
| APM peak | 88 |
| eAPM avg | 28.0 |
| Villagers / military | 160 / 589 |
Focus
⚔️ 45.6% · 🌾 54.4%
Spearman ×232 · Militia ×196 · Jaguar Warrior ×60 · Eagle Scout ×56 · Battering Ram ×31 · Trebuchet (Packed) ×9
Match map
Initial resources + every placement click. Lines = walls · curves = elevation contours. ◆ gold · ⬟ stone · ● berries · ✦ relic · ◌ wall gap
Your base· ✓ Closed at 21:48 · 0t walls · 2 gate(s)
RAIE-MYSTERIEUSE's base· ✓ Closed at 15:47 · 23t walls · 3 gate(s)
Smoothed initial terrain · ◌ = detected wall gap · hover for details
Inputs per minute
— Retentio - - RAIE-MYSTERIEUSE
Build order — Retentio
First 150 of 646 actions detected
| 0:01 | Queue | Villager (Male) |
| 0:01 | Queue | Villager (Male) |
| 0:02 | Queue | Villager (Male) |
| 0:03 | Build | House |
| 0:04 | Build | House |
| 0:12 | Queue | Villager (Male) |
| 1:29 | Queue | Villager (Male) |
| 1:50 | Build | Lumber Camp |
| 1:59 | Queue | Villager (Male) |
| 2:17 | Queue | Villager (Male) |
| 2:17 | Queue | Villager (Male) |
| 2:43 | Queue | Villager (Male) |
| 2:43 | Queue | Villager (Male) |
| 3:06 | Queue | Villager (Male) |
| 3:15 | Build | House |
| 3:27 | Queue | Villager (Male) |
| 3:42 | Queue | Villager (Male) |
| 4:10 | Queue | Villager (Male) |
| 4:22 | Build | Mill |
| 4:49 | Queue | Villager (Male) |
| 4:54 | Queue | Villager (Male) |
| 4:55 | Queue | Villager (Male) |
| 5:18 | Queue | Villager (Male) |
| 5:40 | Research | Loom |
| 6:45 | Build | Mining Camp |
| 6:55 | Research | Feudal Age |
| 7:11 | Build | House |
| 8:15 | Build | Barracks |
| 8:29 | Queue | Villager (Male) |
| 8:29 | Queue | Villager (Male) |
| 9:11 | Queue | Villager (Male) |
| 9:16 | Age | Feudal Age |
| 9:25 | Build | Archery Range |
| 9:36 | Research | Double-Bit Axe |
| 9:42 | Queue | Villager (Male) |
| 9:47 | Build | House |
| 10:07 | Build | Watch Tower |
| 10:10 | Queue | Villager (Male) |
| 10:21 | Build | Mining Camp |
| 10:26 | Queue | Villager (Male) |
| 10:39 | Build | Blacksmith |
| 10:40 | Build | House |
| 10:47 | Queue | Archer |
| 10:51 | Queue | Villager (Male) |
| 10:55 | Queue | Villager (Male) |
| 10:58 | Build | House |
| 11:03 | Queue | Archer |
| 11:15 | Queue | Archer |
| 11:40 | Build | Mill |
| 11:46 | Build | Mill |
| 11:47 | Queue | Villager (Male) |
| 11:51 | Queue | Villager (Male) |
| 12:09 | Queue | Archer |
| 12:14 | Queue | Villager (Male) |
| 12:35 | Research | Horse Collar |
| 12:47 | Build | Watch Tower |
| 12:53 | Queue | Archer |
| 12:55 | Queue | Villager (Male) |
| 12:59 | Build | Farm |
| 13:18 | Build | Farm |
| 13:23 | Build | Farm |
| 13:30 | Build | House |
| 13:37 | Queue | Villager (Male) |
| 13:41 | Build | Farm |
| 14:13 | Queue | Villager (Male) |
| 14:26 | Queue | Archer |
| 14:32 | Research | Fletching |
| 14:35 | Build | Farm |
| 14:38 | Queue | Villager (Male) |
| 14:52 | Build | House |
| 14:56 | Queue | Villager (Male) |
| 14:58 | Queue | Archer |
| 15:10 | Queue | Villager (Male) |
| 15:18 | Queue | Villager (Male) |
| 15:20 | Build | Farm |
| 15:28 | Build | House |
| 15:37 | Queue | Archer |
| 15:39 | Queue | Villager (Male) |
| 15:45 | Build | Market |
| 15:46 | Build | House |
| 15:53 | Build | Mining Camp |
| 15:57 | Queue | Archer |
| 15:58 | Queue | Villager (Male) |
| 16:02 | Build | Farm |
| 16:06 | Build | Farm |
| 16:08 | Queue | Villager (Male) |
| 16:14 | Build | Farm |
| 16:27 | Queue | Archer |
| 16:48 | Queue | Villager (Male) |
| 16:50 | Build | Farm |
| 17:03 | Build | Watch Tower |
| 17:12 | Build | Farm |
| 17:14 | Research | Wheelbarrow |
| 17:19 | Build | House |
| 18:12 | Build | Watch Tower |
| 18:20 | Queue | Villager (Male) |
| 19:08 | Research | Castle Age |
| 19:48 | Build | Stable |
| 20:13 | Research | Gold Mining |
| 20:25 | Build | Stable |
| 20:39 | Build | Lumber Camp |
| 20:51 | Queue | Scout Cavalry |
| 20:53 | Research | Bloodlines |
| 21:02 | Research | Forging |
| 21:07 | Build | House |
| 21:33 | Queue | Scout Cavalry |
| 21:48 | Age | Castle Age |
| 21:54 | Build | Monastery |
| 22:02 | Research | Light Cavalry (upgrade) |
| 22:04 | Queue | Scout Cavalry |
| 22:05 | Queue | Villager (Male) |
| 22:07 | Queue | Villager (Male) |
| 22:25 | Build | Town Center |
| 22:26 | Queue | Villager (Male) |
| 22:34 | Queue | Villager (Male) |
| 22:42 | Build | Mining Camp |
| 22:45 | Queue | Monk |
| 22:54 | Queue | Villager (Male) |
| 22:59 | Build | House |
| 23:00 | Queue | Villager (Male) |
| 23:18 | Queue | Villager (Male) |
| 23:20 | Queue | Monk |
| 23:23 | Queue | Villager (Male) |
| 23:30 | Research | Bow Saw |
| 23:48 | Queue | Villager (Male) |
| 24:09 | Queue | Villager (Male) |
| 24:12 | Research | Town Watch |
| 24:26 | Queue | Villager (Male) |
| 24:29 | Queue | Monk |
| 24:40 | Research | Heavy Plow |
| 24:40 | Research | Heavy Plow |
| 25:02 | Build | Farm |
| 25:04 | Queue | Villager (Male) |
| 25:12 | Build | Castle |
| 25:17 | Queue | Villager (Male) |
| 25:31 | Queue | Villager (Male) |
| 25:35 | Queue | Villager (Male) |
| 25:37 | Build | Farm |
| 25:41 | Queue | Villager (Male) |
| 25:44 | Build | Farm |
| 25:45 | Build | Farm |
| 25:46 | Build | Farm |
| 25:49 | Queue | Villager (Male) |
| 26:09 | Queue | Knight |
| 26:09 | Queue | Knight |
| 26:26 | Queue | Villager (Male) |
| 26:30 | Build | Farm |
| 26:31 | Queue | Villager (Male) |
| 26:33 | Build | Farm |
| 26:34 | Build | Farm |
Build order — RAIE-MYSTERIEUSE
First 150 of 624 actions detected
| 0:00 | Queue | Villager (Male) |
| 0:01 | Build | House |
| 0:02 | Build | House |
| 0:15 | Queue | Villager (Male) |
| 0:19 | Queue | Villager (Male) |
| 0:28 | Queue | Villager (Male) |
| 1:34 | Queue | Villager (Male) |
| 1:53 | Build | Lumber Camp |
| 1:58 | Queue | Villager (Male) |
| 2:19 | Queue | Villager (Male) |
| 2:44 | Queue | Villager (Male) |
| 3:21 | Queue | Villager (Male) |
| 3:30 | Build | House |
| 3:31 | Build | House |
| 3:42 | Queue | Villager (Male) |
| 3:57 | Queue | Villager (Male) |
| 4:05 | Build | Palisade Gate |
| 4:08 | Build | Palisade Wall |
| 4:12 | Build | Palisade Wall |
| 4:23 | Queue | Villager (Male) |
| 4:32 | Build | House |
| 5:00 | Queue | Villager (Male) |
| 5:16 | Build | Mill |
| 5:26 | Queue | Villager (Male) |
| 5:49 | Queue | Villager (Male) |
| 6:16 | Queue | Villager (Male) |
| 6:34 | Queue | Villager (Male) |
| 6:56 | Queue | Villager (Male) |
| 7:34 | Queue | Villager (Male) |
| 7:50 | Queue | Villager (Male) |
| 8:03 | Build | Mining Camp |
| 8:04 | Queue | Villager (Male) |
| 8:32 | Queue | Villager (Male) |
| 8:39 | Build | Mining Camp |
| 8:58 | Build | Farm |
| 9:00 | Build | Farm |
| 9:02 | Build | Farm |
| 9:17 | Research | Feudal Age |
| 9:42 | Queue | Villager (Male) |
| 10:17 | Queue | Villager (Male) |
| 10:17 | Queue | Villager (Male) |
| 10:24 | Build | House |
| 10:30 | Research | Loom |
| 11:27 | Age | Feudal Age |
| 11:30 | Build | Stone Wall |
| 11:38 | Build | Watch Tower |
| 11:41 | Queue | Villager (Male) |
| 11:55 | Queue | Villager (Male) |
| 12:00 | Build | Blacksmith |
| 12:06 | Build | Market |
| 12:08 | Queue | Villager (Male) |
| 12:31 | Queue | Villager (Male) |
| 12:59 | Research | Castle Age |
| 13:10 | Research | Fletching |
| 14:20 | Queue | Villager (Male) |
| 14:44 | Research | Double-Bit Axe |
| 14:59 | Build | House |
| 15:34 | Queue | Villager (Male) |
| 15:47 | Age | Castle Age |
| 16:01 | Build | Castle |
| 16:11 | Queue | Villager (Male) |
| 16:17 | Build | Siege Workshop |
| 16:19 | Queue | Villager (Male) |
| 16:40 | Build | House |
| 16:55 | Queue | Mangonel |
| 16:55 | Queue | Mangonel |
| 17:10 | Queue | Villager (Male) |
| 17:17 | Queue | Villager (Male) |
| 17:39 | Queue | Villager (Male) |
| 17:41 | Build | Farm |
| 17:43 | Build | Farm |
| 17:51 | Build | Stone Wall |
| 18:06 | Queue | Mangonel |
| 18:13 | Queue | Villager (Male) |
| 18:14 | Queue | Villager (Male) |
| 18:55 | Queue | Villager (Male) |
| 19:07 | Queue | Villager (Male) |
| 20:10 | Queue | Villager (Male) |
| 20:10 | Queue | Villager (Male) |
| 20:15 | Build | Town Center |
| 20:28 | Queue | Villager (Male) |
| 21:12 | Queue | Villager (Male) |
| 21:12 | Queue | Villager (Male) |
| 21:15 | Queue | Mangonel |
| 21:18 | Queue | Battering Ram |
| 21:42 | Queue | Villager (Male) |
| 21:42 | Queue | Villager (Male) |
| 21:48 | Build | Farm |
| 21:51 | Build | Farm |
| 22:00 | Queue | Villager (Male) |
| 22:00 | Queue | Villager (Male) |
| 22:04 | Build | Farm |
| 22:04 | Build | Farm |
| 22:06 | Build | Farm |
| 22:23 | Queue | Jaguar Warrior |
| 22:28 | Queue | Villager (Male) |
| 22:28 | Queue | Villager (Male) |
| 22:32 | Build | Farm |
| 22:37 | Build | Farm |
| 22:41 | Build | Farm |
| 22:42 | Build | Farm |
| 22:43 | Queue | Villager (Male) |
| 22:58 | Queue | Jaguar Warrior |
| 23:00 | Queue | Villager (Male) |
| 23:00 | Queue | Villager (Male) |
| 23:03 | Build | Farm |
| 23:06 | Build | House |
| 23:07 | Build | House |
| 23:07 | Build | House |
| 23:10 | Queue | Villager (Male) |
| 23:22 | Build | Town Center |
| 23:24 | Queue | Villager (Male) |
| 23:29 | Queue | Villager (Male) |
| 23:32 | Build | Farm |
| 23:36 | Build | Farm |
| 23:44 | Build | Farm |
| 23:47 | Queue | Villager (Male) |
| 23:47 | Queue | Villager (Male) |
| 23:58 | Queue | Jaguar Warrior |
| 24:01 | Queue | Villager (Male) |
| 24:09 | Queue | Villager (Male) |
| 24:10 | Queue | Villager (Male) |
| 24:25 | Build | Lumber Camp |
| 24:27 | Queue | Villager (Male) |
| 24:27 | Queue | Villager (Male) |
| 24:33 | Queue | Jaguar Warrior |
| 24:38 | Build | House |
| 24:39 | Build | House |
| 24:40 | Build | House |
| 24:44 | Build | Farm |
| 24:46 | Build | Farm |
| 24:49 | Build | Farm |
| 24:50 | Queue | Villager (Male) |
| 24:50 | Queue | Villager (Male) |
| 24:59 | Research | Horse Collar |
| 25:01 | Queue | Villager (Male) |
| 25:01 | Queue | Villager (Male) |
| 25:04 | Queue | Villager (Male) |
| 25:06 | Build | Farm |
| 25:09 | Build | Farm |
| 25:10 | Build | Farm |
| 25:12 | Queue | Villager (Male) |
| 25:17 | Research | Bow Saw |
| 25:24 | Queue | Villager (Male) |
| 25:34 | Build | Farm |
| 25:36 | Build | Farm |
| 25:37 | Queue | Villager (Male) |
| 25:53 | Queue | Villager (Male) |
| 25:53 | Queue | Villager (Male) |
| 25:54 | Queue | Villager (Male) |
Match timeline
| 4:08 | RAIE-MYSTERIEUSE · wall_segment Palisade Wall x2 |
| 4:12 | RAIE-MYSTERIEUSE · wall_segment Palisade Wall x9 |
| 8:15 | Retentio · first_building Barracks |
| 9:16 | Retentio · age_up feudal |
| 9:25 | Retentio · first_building Archery Range |
| 11:27 | RAIE-MYSTERIEUSE · age_up feudal |
| 11:30 | RAIE-MYSTERIEUSE · wall_segment Stone Wall x12 |
| 15:40 | RAIE-MYSTERIEUSE · first_market_buy 100 stone |
| 15:47 | RAIE-MYSTERIEUSE · age_up castle |
| 16:01 | RAIE-MYSTERIEUSE · first_building Castle |
| 16:17 | RAIE-MYSTERIEUSE · first_building Siege Workshop |
| 17:51 | RAIE-MYSTERIEUSE · wall_segment Stone Wall x1 |
| 18:25 | Retentio · first_market_buy 100 food |
| 18:31 | Retentio · first_market_sell 100 wood |
| 19:48 | Retentio · first_building Stable |
| 20:52 | RAIE-MYSTERIEUSE · first_market_sell 100 stone |
| 21:48 | Retentio · age_up castle |
| 21:54 | Retentio · first_building Monastery |
| 25:12 | Retentio · first_building Castle |
| 26:26 | RAIE-MYSTERIEUSE · first_building Monastery |
| 28:12 | Retentio · first_building Siege Workshop |
| 29:41 | Retentio · wall_segment Stone Wall x5 |
| 29:45 | Retentio · wall_segment Stone Wall x9 |
| 30:32 | RAIE-MYSTERIEUSE · first_building Barracks |
| 30:34 | Retentio · wall_segment Stone Wall x23 |
| 32:45 | Retentio · wall_segment Stone Wall x6 |
| 33:05 | Retentio · age_up imperial |
| 35:48 | Retentio · wall_segment Stone Wall x3 |
| 35:50 | Retentio · wall_segment Stone Wall x6 |
| 36:54 | RAIE-MYSTERIEUSE · age_up imperial |
| 41:42 | Retentio · wall_segment Stone Wall x5 |
| 48:37 | Retentio · wall_segment Stone Wall x6 |
| 56:40 | Retentio · wall_segment Palisade Wall x1 |
| 58:03 | Retentio · resign |
[ AI ANALYSIS · 1 CREDIT ]
What really happened in this match?
Wolo.gg analyzes every decision: build order, eco, micro, common mistakes by bracket. Personalized analysis on WhatsApp or Discord in 30 seconds.
Civ guide
Romans
Perfil
Jugador #21036341